 Dungeon Crawl Stone Soup version 0.31-a0-174-g85c54bcb58 (webtiles) character file.

Game seed: 7344300614243058826

98 qw the Shooter (level 4, -1/28 HPs)
             Began as a Gargoyle Hunter on June 15, 2023.
             Slain by an orc wizard
             ... wielding a +0 dagger
              (2 damage)
             ... on level 2 of the Dungeon.
             The game lasted 00:00:35 (1557 turns).

qw the Shooter (Gargoyle Hunter)                    Turns: 1557, Time: 00:00:35

Health: -1/28      AC:  6    Str: 15    XL:     4   Next: 69%
Magic:  4/4        EV: 11    Int:  9    God:
Gold:   190        SH:  0    Dex: 15    Spells: 3/3 levels left

rFire   . . .        Y - +0 shortbow (flame)
rCold   . . .        (shield currently unavailable)
rNeg    + . .        c - +0 leather armour
rPois   inf          (no helmet)
rElec   +            (no cloak)
rCorr   .            (no gloves)
SInv    .            (no boots)
Will    .....        (no amulet)
Stlth   ++           (no ring)
HPRegen 0.24/turn    (no ring)
MPRegen 0.09/turn

%: no passive effects
@: no status effects
A: sickness immunity, AC +3, negative energy resistance 1, electricity
resistance, torment resistance 1, petrification resistance
a: no special abilities


You were on level 2 of the Dungeon.
You visited 1 branch of the dungeon, and saw 3 of its levels.

You collected 190 gold pieces.


Innate Abilities, Weirdness & Mutations

You are immune to sickness and miasma.
Your stone body is resilient. (AC +3)
You are immune to poison.
You resist negative energy. (rN+)
You are resistant to electric shocks. (rElec)
You are resistant to unholy torment.
You are immune to petrification.


   Skills:
 - Level 3.2 Fighting
 + Level 5.5 Ranged Weapons
 - Level 1.5 Dodging
 - Level 1.1 Stealth


You had 3 spell levels left.
You didn't know any spells.
Your spell library was empty.

Inventory:

Hand Weapons
 Y - a +0 shortbow of flaming (weapon)
Armour
 c - a +0 leather armour (worn)
Jewellery
 j - a ring of fire
Potions
 b - a potion of curing {unknown}
 d - a potion of ambrosia {unknown}
 e - a potion of invisibility {unknown}
 f - a potion of attraction {unknown}
 k - a potion of magic {unknown}

Dungeon Overview and Level Annotations

Branches:
Dungeon (3/15)

Altars:

Annotations:
D:2 1 runed translucent door, Crazy Yiuf


Message History

You shoot an arrow.
You hear some strange, mumbled words.
A magic dart appears from out of thin air!
The magic dart hits you!
You shoot an arrow. Something hits you but does no damage.
You shoot an arrow. Something hits you but does no damage.
You shoot an arrow. Something hits you. Something hits you but does no damage.
You shoot an arrow.
You hear some strange, mumbled words.
You are confused.
You shoot an arrow. Something hits you.
You shoot an arrow.
You hear some strange, mumbled words.
Something tries to affect you, but you resist.
You shoot an arrow. Something hits you but does no damage.
You shoot an arrow.
You hear some strange, mumbled words.
A puff of flame appears from out of thin air!
The puff of flame misses you.
You shoot an arrow. Something hits you but does no damage.
You shoot an arrow. Something hits you.
You shoot an arrow.
You feel less confused. Something hits you.
Something hits you but does no damage.
You shoot an arrow. Something hits you.
You shoot an arrow. Something hits you but does no damage.
You shoot an arrow. Something hits you.
You shoot an arrow. Something hits you but does no damage. Something hits you.
You die...

#.#.######...........###...+?####
#....#######.........###...##..#.
##....(..# ##.###....##########.#
#..#....# #...#....############
##..#....######......############
#...#............#...############
..#.#....######.#..#####..#..####
.#.....^.# #...## ####........
.#.#.....# ####{@## #.......##
...#..<..###...).# #.......#
.####....##..###.# #.......# ##
#..####.## #.# ####.......# ##
#.......# #.####..........#
.####)..##### #.)##..###..#####
....#..## ####.#..## #..#
###.#..# #......## ##..#
#....#.#######.###.#####..##


There were no monsters in sight!

Vanquished Creatures
  A gnoll (D:1)
  3 adders (D:2)
  2 worms (D:2)
  2 dart slugs
  5 orcs
  5 bats
  2 endoplasms (D:1)
  4 giant cockroaches (D:1)
  2 goblins (D:2)
  4 hobgoblins
  4 jackals (D:1)
  A quokka (D:2)
  A ball python (D:2)
  3 frilled lizards
  3 kobolds
  6 rats
48 creatures vanquished.

Notes
Turn   | Place    | Note
-------+----------+-------------------------------------------
     0 | D:1      | qw the Gargoyle Hunter began the quest for the Orb.
     0 | D:1      | Reached XP level 1. HP: 12/12 MP: 1/1
     0 | D:1      | 0 ||| qw: Version: 0.2-a-29-g511e9b1
     0 | D:1      | 0 ||| qw: Game counter: 5307
     0 | D:1      | 0 ||| qw: Always use a shield: true
     0 | D:1      | 0 ||| qw: God list: Okawaru
     0 | D:1      | 0 ||| qw: Allow faded altars: false
     0 | D:1      | 0 ||| qw: Do Orc after D:15 true
     0 | D:1      | 0 ||| qw: Do second Lair branch before Depths: true
     0 | D:1      | 0 ||| qw: Lair rune preference: random
     0 | D:1      | 0 ||| qw: Plans: Normal, Zot:1-4, Slime:5, God:TSO, Crypt,
                  | Tomb, Abyss, Pan, Hells, Win
     0 | D:1      | 0 ||| PLANNING D:1-11
   162 | D:1      | Reached XP level 2. HP: 15/17 MP: 2/2
   393 | D:1      | Reached XP level 3. HP: 21/21 MP: 3/3
   517 | D:1      | Reached skill level 5 in Ranged Weapons
   921 | D:1      | 921 ||| READING scroll labelled HUEQIT YZYR.
   922 | D:1      | 922 ||| READING scroll labelled NEXEEV ICEA.
   923 | D:1      | 923 ||| READING scroll labelled WARACI SEKH.
   924 | D:1      | 924 ||| READING scroll labelled POORUK RASEON.
   925 | D:1      | 925 ||| DROPPING scroll of butterflies.
  1013 | D:2      | Found a runed translucent door.
  1014 | D:2      | Noticed Crazy Yiuf
  1118 | D:2      | Reached skill level 3 in Fighting
  1118 | D:2      | Reached XP level 4. HP: 26/28 MP: 4/4
  1294 | D:2      | Found a faded altar of an unknown god.
  1480 | D:2      | 1480 ||| READING 3 scrolls labelled ASABAI BEPNUPHIETZ.
  1481 | D:2      | 1481 ||| DROPPING 2 scrolls of revelation.
  1524 | D:3      | 1524 ||| STAIRDANCE
  1537 | D:3      | 1537 ||| STAIRDANCE
  1547 | D:2      | HP: 7/28 [something (3)]
  1552 | D:2      | HP: 6/28 [something (3)]
  1556 | D:2      | HP: 1/28 [something (3)]
  1557 | D:2      | Slain by an orc wizard

Levels and vault maps discovered:
D:1:      dpeg_arrival_more_subterranean_lakeside_camping, layout_basic,
          minmay_misc_feat_diagonals
D:2:      layout_rooms, dreamdust_ecumenical_altar_angels_and_demons,
          uniq_crazy_yiuf_cottage
D:3:      layout_basic, serial_shops, nicolae_shop_tiny_statue_garden

Skill      XL: |  1  2  3 |
---------------+----------+-----
Ranged Weapons | 5 |  5.5
Fighting       | 3 |  3.2
Dodging        | |  1.5
Stealth        | |  1.1

Action                     |  1- 3 |  4- 6 || total
---------------------------+-------+-------++-------
   Fire: Shortbow          |    90 |    51 ||   141
    Use: Scroll            |     4 |     1 ||     5
 Armour: Leather armour    |    20 |    15 ||    35
  Dodge: Dodged            |    25 |     4 ||    29

Table legend:
 A = Non-vault XP
 B = Vault XP
 C = Vault XP percentage of total XP
 D = Non-vault monster count
 E = Vault monster count
 F = Vault count percentage of total count
                 A         B        C        D         E       F
            +---------+---------+-------+---------+---------+-------
      Total |     140 |       0 |   0.0 |      48 |       0 |   0.0
            +---------+---------+-------+---------+---------+-------
        D:1 |      53 |       0 |   0.0 |      25 |       0 |   0.0
        D:2 |      75 |       0 |   0.0 |      19 |       0 |   0.0
        D:3 |      12 |       0 |   0.0 |       4 |       0 |   0.0
            +---------+---------+-------+---------+---------+-------
